 Dungeon Sprint DCSS version 0.22.0-21-g8bd1b0a (webtiles) character file.

2100000 poirepourri the Middleweight Champion (level 18, -69/141 HPs)
             Began as a Gargoyle Gladiator on Aug 19, 2018.
             Was an Elder of Makhleb.
             Annihilated by a destroyer
             ... wielding a +9 great sword of slicing
              (210 damage)
             ... in the Dungeon (Sprint VIII: "Arena of Blood").
             The game lasted 00:00:24 (21 turns).

poirepourri the Middleweight Champion (GrGl)          Turns: 21, Time: 00:00:25

Health: -69/141    AC: 19    Str: 20    XL:     18   Next: 81%
Magic:  18/18      EV: 32    Int:  9    God:    Makhleb [****..]
Gold:   0          SH:  0    Dex: 17    Spells: 17/17 levels left

rFire    . . .     SeeInvis .   k - +∞ Axe of Woe
rCold    . . .     Gourm    .   (shield currently unavailable)
rNeg     + . .     Faith    .   a - +0 leather armour
rPois    ∞         Spirit   .   b - +0 helmet
rElec    +         Reflect  .   (no cloak)
rCorr    .         Harm     .   (no gloves)
MR       +....     NoTele   +   (no boots)
Stlth    +.........             (no amulet)
HPRegen  0.33/turn              (no ring)
MPRegen  0.16/turn              (no ring)

@: no status effects
A: big wings, negative energy resistance 1, electricity resistance, unbreathing,
petrification resistance, rot immunity, AC +13
a: Fly, Minor Destruction, Lesser Servant of Makhleb, Major Destruction,
Renounce Religion


You were in the Dungeon.
You worshipped Makhleb.
Makhleb was greatly pleased with you.
You were not hungry.

You visited 1 branch

Inventory:

Hand Weapons
 k - the +∞ Axe of Woe (weapon)
   (You found it in the Dungeon)
Missiles
 c - 3 throwing nets (quivered)
Armour
 a - a +0 leather armour (worn)
 b - a +0 helmet (worn)
Scrolls
 j - a scroll of blinking
Potions
 e - a potion of curing
 f - a potion of heal wounds
 g - a potion of haste
 h - 2 potions of magic
 i - a potion of berserk rage
Comestibles
 d - a ration


   Skills:
 + Level 25.3 Fighting
 + Level 21.1 Axes
 + Level 19.4 Throwing
 + Level 8.9 Armour
 O Level 27 Dodging
 O Level 27 Unarmed Combat


You had 17 spell levels left.
You didn't know any spells.
Your spell library was empty.

Dungeon Overview and Level Annotations

Branches:
Dungeon (1/1)

Altars:
Makhleb


Innate Abilities, Weirdness & Mutations

You are resistant to torment.
Your stone body is resilient. (AC +13)
You are immune to poison.
Your large and strong wings let you fly indefinitely.
You resist negative energy. (rN+)
You are resistant to electric shocks. (rElec)
You can survive without breathing.
You are immune to petrification.
You are immune to rotting.


Message History

You slice the bag of meat!!
You fatally mangle the bag of meat.
You kill the bag of meat!
Makhleb accepts your kill.
Your Fighting skill increases to level 25!
Your Axes skill gained 2 levels and is now at level 21!
Your Throwing skill increases to level 19!
You hear a shout! x6
A bag of meat comes into view. It is wielding a +9 war axe.
You hear a shout!
The destroyer appears out of thin air!
A destroyer comes into view.
It is wielding a +9 great sword of slicing.
You hear a shout!
Unknown command.
A bag of meat comes into view. It is wielding a +9 war axe.
The bag of meat shouts!
You hear a shout! x2
A bag of meat comes into view. It is wielding a +9 war axe.
You hear a shout! x6
The destroyer hits you with a +9 great sword of slicing!!!!!
Ouch! That really hurt!
You die...

....... ..... ..
#.... .# .. #...
..# ...###.O.
..###.
........###......
#.....))o_......
#.)...# #_@O._#
#..V..#
....._......
......###..o.o.
o.###... ..###. O
#... ..# #... .#
..... ..


You could see a destroyer, a large bag of meat (inner flame), 2 meat berserkers
and 4 bags of meat.

Vanquished Creatures
  4 ogres (D)
  8 orcs (D)
12 creatures vanquished.

Notes
Turn   | Place    | Note
-------+----------+-------------------------------------------
     0 | D        | Found the +∞ Axe of Woe
     0 | D        | poirepourri the Gargoyle Gladiator began the quest for the Orb.
     0 | D        | Reached XP level 1. HP: 12/12 MP: 1/1
     2 | D        | Noticed a bag of meat
     4 | D        | Became a worshipper of Makhleb the Destroyer
     6 | D        | Noticed a meat berserker
     7 | D        | Noticed a meat berserker
     8 | D        | Noticed a bag of meat
     9 | D        | Killed a meat berserker
     9 | D        | Reached skill level 5 in Axes
     9 | D        | Reached XP level 2. HP: 31/31 MP: 2/2
     9 | D        | Reached XP level 3. HP: 36/36 MP: 3/3
     9 | D        | Reached XP level 4. HP: 41/41 MP: 4/4
     9 | D        | Reached XP level 5. HP: 46/46 MP: 5/5
     9 | D        | Reached XP level 6. HP: 52/52 MP: 6/6
     9 | D        | Reached XP level 7. HP: 56/56 MP: 7/7
     9 | D        | Reached XP level 8. HP: 62/62 MP: 8/8
     9 | D        | Reached XP level 9. HP: 67/67 MP: 9/9
     9 | D        | Reached XP level 10. HP: 72/72 MP: 10/10
     9 | D        | Reached XP level 11. HP: 77/77 MP: 11/11
     9 | D        | Reached XP level 12. HP: 82/82 MP: 12/12
     9 | D        | Reached XP level 13. HP: 87/87 MP: 13/13
     9 | D        | Noticed a bag of meat
     9 | D        | Noticed a bag of meat
    10 | D        | Killed a meat berserker
    10 | D        | Reached * piety under Makhleb
    10 | D        | Gained mutation: Your large and strong wings let you fly indefinitely. [Gargoyle growth]
    10 | D        | Reached XP level 14. HP: 96/96 MP: 14/14
    10 | D        | Noticed a meat berserker
    11 | D        | Noticed a bag of meat
    12 | D        | Killed a meat berserker
    12 | D        | Reached XP level 15. HP: 105/105 MP: 15/15
    12 | D        | Reached skill level 10 in Axes
    12 | D        | Reached XP level 16. HP: 112/112 MP: 16/16
    13 | D        | Reached ** piety under Makhleb
    13 | D        | Reached skill level 15 in Throwing
    14 | D        | Reached skill level 27 in Unarmed Combat
    14 | D        | Reached XP level 17. HP: 122/122 MP: 17/17
    15 | D        | Reached *** piety under Makhleb
    15 | D        | Reached skill level 5 in Armour
    15 | D        | Noticed a meat berserker
    17 | D        | Reached skill level 15 in Axes
    17 | D        | Noticed a meat berserker
    18 | D        | Killed a meat berserker
    18 | D        | Reached skill level 27 in Dodging
    18 | D        | Reached XP level 18. HP: 136/136 MP: 18/18
    18 | D        | Noticed a large bag of meat
    19 | D        | Reached **** piety under Makhleb
    20 | D        | Noticed a destroyer
    21 | D        | Annihilated by a destroyer

Skill      XL: |  1  2  3  4  5  6  7  8  9 10 11 12 13 14 15 16 17 18 |
---------------+-------------------------------------------------------+-----
Fighting       | 12 14 16 17 19 23 25 | 25.3
Axes           | 5 7 9 10 13 18 21 | 21.1
Throwing       | 11 12 13 14 16 18 19 | 19.4
Dodging        | 17 19 21 22 24 27 | 27.0
Unarmed Combat | 20 22 24 25 27 | 27.0
Armour         | 3 4 7 8 |  8.9

Action                   |  1- 3 |  4- 6 |  7- 9 | 10-12 | 13-15 | 16-18 || total
-------------------------+-------+-------+-------+-------+-------+-------++-------
Melee: Executioner's axe |     1 |       |       |       |     2 |     7 ||    10
